AoeStats
← Overcome8853

Oasis

509698320Analyzed
3v3 RM · 4d ago on Sep 27, 2026· 22m 21s· 6 players
Game mode
Random Map
Map size
Normal (6 player)
Population
200
Speed
Normal
Resources
Standard
Victory
Conquest
Starting age
Dark Age
Ending age
Imperial Age
RankedLock teamsTeams togetherTeam positionsShared explorationLock speedFull tech treeHidden civsTurbo modeCheats
Victory
Defeat
🇭🇺 Celts · Hungary
860
+29
🇭🇺 Celts · Hungary
736
+16
🇭🇺 Celts · Hungary
703
+18
🇩🇪 Spanish · Germany
796
-17
🇩🇪 Teutons · Germany
787
-17
🇩🇪 Bohemians · Germany
646
-12
RayBay78
0:35 Loom
12:07 Feudal Age
13:30 Wheelbarrow
12:37 Horse Collar
12:46 Double-Bit Axe
20:40 Castle Age
19:02 Gold Mining
19:05 Stone Mining
aVoID
5:36 Loom
13:06 Feudal Age
14:00 Horse Collar
14:08 Double-Bit Axe
19:30 Wheelbarrow
22:56 Castle Age
Frank
12:35 Feudal Age
14:00 Wheelbarrow
14:49 Double-Bit Axe
15:26 Horse Collar
Scrap
0:27 Loom
19:40 Feudal Age
21:02 Wheelbarrow
23:24 Castle Age
21:13 Double-Bit Axe
21:12 Horse Collar
21:45 Stone Mining
21:47 Gold Mining
Pufci2011
0:39 Loom
15:00 Feudal Age
17:20 Horse Collar
17:34 Double-Bit Axe
17:44 Gold Mining
22:50 Castle Age
Overcome8853
14:57 Feudal Age
Connection lost

Rejoining the realm…

Still unreachable

The connection could not be restored.

Session expired

The server has moved on; the page needs a fresh start.